[Event "45th FIDE Womens Olympiad 2024"]
[Site "Budapest"]
[Date "2024.09.12"]
[Round "2.20"]
[White "Lu, Miaoyi"]
[Black "Mogollon Tobar, Nicolle Julieth"]
[Result "1-0"]
[ECO "B13"]
[WhiteElo "2438"]
[BlackElo "2045"]
[Annotator "TA"]
[PlyCount "81"]
[EventDate "2024.09.05"]
[EventType "team-tourn"]
[EventCountry "HUN"]
[SourceTitle "playchess.com"]
[Source "ChessBase"]
[SourceQuality "1"]
[WhiteTeam "China"]
[BlackTeam "Colombia"]
[WhiteTeamCountry "CHN"]
[BlackTeamCountry "COL"]
[TimeControl "40/5400+30:1800+30"]

1. e4 c6 2. d4 d5 3. exd5 cxd5 4. Bd3 Nf6 5. c3 Bg4 6. Qb3 Qc7 7. h3 Bh5 8. g4 Bg6 9. Bxg6 {[%emt 0:00:12] White has an edge.} hxg6 10. g5 Nfd7 11. Qxd5 e5 12. Be3 Nc6 13. Nd2 Nb6 14. Qe4 {[%emt 0:06:23] Threatens to win with Ngf3.} O-O-O 15. Ne2 Nd5 16. O-O-O exd4 17. Bxd4 Nxd4 18. Qxd4 Bc5 19. Qg4+ (19. Qxg7 $2 {perishes.} Rdg8 $19 (19... Bxf2 20. Ne4 $15) (19... Bxf2 20. Ne4 $15)) 19... Kb8 20. Ne4 Bb6 21. Kb1 Rhe8 22. Rhe1 Ne7 23. N2g3 Nc6 24. f4 Rxd1+ 25. Rxd1 Rd8 {[%emt 0:00:27] Repels Rd7} 26. f5 Ne5 27. Qe2 Nc4 28. fxg6 fxg6 29. Rd3 (29. Rxd8+ $16 Qxd8 30. b3 (30. Qxc4 $2 Qd1#)) 29... Rxd3 (29... Rh8 $11 {feels stronger.}) 30. Qxd3 $16 Ne3 {[%emt 0:00:44] Prevents Qd5.} (30... Qf7 $142) 31. Nd6 (31. Nf1 $142 Nf5 32. Nfd2) 31... Bc5 (31... Qd7 $142) 32. Nge4 {[%emt 0:03:54] White is more active. Excellent horsemanship.} Nf5 $2 {[%emt 0:00:37][%mdl 8192] [#] This costs Black the game.} (32... Qc6 $16 33. Nf7 Bb6) 33. Nxf5 $18 {[%emt 0:00:31] White is clearly winning.} gxf5 34. Nxc5 Qxc5 {[%emt 0:00:13][%mdl 4096] Endgame. KQ-KQ} 35. Qd8+ Qc8 36. Qxc8+ Kxc8 37. Kc2 Kd7 38. Kd3 Ke6 39. Kd4 g6 40. c4 b6 41. b4 {[%emt 0:30:29] Weighted Error Value: White=0.14 (very precise) /Black=0.21 (precise) .  Loses game:     	---       	Black=1      Mistake:       	White=2     	Black=3      Inaccurate:     	White=3     	Black=4      OK:         	White=8     	Black=8      Best:        	White=3     	Black=3} 1-0

[Event "45th FIDE Womens Olympiad 2024"]
[Site "Budapest"]
[Date "2024.09.12"]
[Round "2.21"]
[White "Osmak, Yuliia"]
[Black "Martynkova, Olena"]
[Result "0-1"]
[ECO "D94"]
[WhiteElo "2471"]
[BlackElo "2176"]
[Annotator "TA"]
[PlyCount "67"]
[EventDate "2024.09.05"]
[EventType "team-tourn"]
[EventCountry "HUN"]
[SourceTitle "playchess.com"]
[Source "ChessBase"]
[SourceQuality "1"]
[WhiteTeam "Ukraine"]
[BlackTeam "Lithuania"]
[WhiteTeamCountry "UKR"]
[BlackTeamCountry "LTU"]
[TimeControl "40/5400+30:1800+30"]

1. d4 d5 2. c4 c6 3. Nf3 Nf6 4. e3 g6 5. Nc3 Bg7 6. Be2 O-O 7. O-O Nbd7 8. cxd5 Nxd5 9. e4 Nxc3 10. bxc3 e5 11. Be3 Re8 12. Qc2 Qc7 (12... exd4 $11 13. cxd4 Qe7) 13. Rad1 exd4 14. cxd4 Nb6 15. d5 (15. a4 $16) 15... Bg4 16. d6 Qd7 17. Rd2 Bxf3 18. Bxf3 Qe6 19. Rb1 Red8 20. Bc5 Be5 21. a4 (21. Rbd1 $11) 21... Nc4 $15 22. Bg4 {[%emt 0:02:08] [#]} Bxh2+ $1 $17 23. Kxh2 Qe5+ ({Worse is} 23... Qxg4 24. Qxc4 Qf4+ 25. g3 Qxd2 26. Rxb7 $18) 24. g3 Nxd2 (24... Qxc5 $2 {loses.} 25. Rxb7 Re8 26. d7 $18) 25. Rb4 {[%emt 0:05:08][%mdl 8192] This move loses the game for White.} (25. Re1 $17 Nb3 26. Be3) 25... b6 $19 {[%emt 0:03:25] Black is clearly winning.} 26. Bd4 Qxd6 (26... Qxe4 27. Qxd2 Qxg4 28. Bxb6 $17) 27. Qxd2 c5 28. e5 Qd5 29. e6 cxb4 30. exf7+ Qxf7 31. Qe1 Re8 {[%emt 0:00:45] Inhibits Qe5.} (31... Rxd4 $2 32. Be6 $19) 32. Qxb4 Re4 {[%emt 0:00:18][%cal Oa8d8] [#] And now ...Rd8! would win.} 33. f3 Re2+ 34. Kh1 {[%emt 0:00:50] Weighted Error Value: White=0.95/Black=0.05 (flawless) .  Loses game:     	White=1     	---        Mistake:       	White=3     	Black=1      Inaccurate:     	White=2     	Black=1      OK:         	White=6     	Black=11     Best:        	White=1     	Black=1      Strong:       	---       	Black=1} 0-1

[Event "45th FIDE Womens Olympiad 2024"]
[Site "Budapest"]
[Date "2024.09.12"]
[Round "2.21"]
[White "Asha huang Limboo"]
[Black "Chen, Chi"]
[Result "0-1"]
[ECO "B47"]
[WhiteElo "1420"]
[BlackElo "1746"]
[Annotator "NA"]
[PlyCount "64"]
[EventDate "2024.09.05"]
[EventType "team-tourn"]
[EventCountry "HUN"]
[SourceTitle "playchess.com"]
[Source "ChessBase"]
[SourceQuality "1"]
[WhiteTeam "Bhutan"]
[BlackTeam "Chinese Taipei"]
[WhiteTeamCountry "BTN"]
[BlackTeamCountry "TPE"]
[TimeControl "40/5400+30:1800+30"]

1. e4 c5 2. Nf3 e6 3. Nc3 Nc6 4. d4 cxd4 5. Nxd4 Qc7 6. Bc4 a6 7. Be3 Nf6 8. Qf3 Nxd4 9. Bxd4 Qxc4 10. Bxf6 gxf6 11. Qxf6 Rg8 12. Rd1 Bg7 13. Qf3 Bxc3+ 14. bxc3 b5 15. Rd4 Qc6 16. O-O Bb7 17. Rfd1 Rd8 18. Qh3 Qc5 19. Qxh7 Qg5 20. g3 Ke7 21. Re1 Rh8 22. h4 Qg4 23. e5 Qh3 24. Qe4 Bxe4 25. Rexe4 Rc8 26. Re3 Rc4 27. Rd6 Rg4 28. Red3 Rhxh4 29. Rxd7+ Kf8 30. f4 Rxg3+ 31. Rxg3 Qxg3+ 32. Kf1 Rh2 0-1

[Event "45th FIDE Womens Olympiad 2024"]
[Site "Budapest"]
[Date "2024.09.12"]
[Round "2.22"]
[White "Limontaite, Simona"]
[Black "Buksa, Nataliya"]
[Result "0-1"]
[ECO "D36"]
[WhiteElo "2177"]
[BlackElo "2387"]
[Annotator "TA"]
[PlyCount "58"]
[EventDate "2024.09.05"]
[EventType "team-tourn"]
[EventCountry "HUN"]
[SourceTitle "playchess.com"]
[Source "ChessBase"]
[SourceQuality "1"]
[WhiteTeam "Lithuania"]
[BlackTeam "Ukraine"]
[WhiteTeamCountry "LTU"]
[BlackTeamCountry "UKR"]
[TimeControl "40/5400+30:1800+30"]

1. d4 Nf6 2. c4 e6 3. Nc3 d5 4. cxd5 exd5 5. Bg5 Nbd7 6. e3 c6 7. Bd3 Be7 8. Nf3 h6 9. Bh4 O-O 10. Qc2 Re8 11. O-O Ne4 12. Bxe7 Qxe7 13. Rae1 a5 14. Nd2 Nxd2 15. Qxd2 Nf8 {[%emt 0:02:13] The position is equal.} 16. Na4 Qd8 17. Qc2 Bg4 18. a3 Bh5 19. Rb1 Ng6 20. Rbe1 Nf8 21. Rb1 Bg6 22. Nc5 Bxd3 23. Nxd3 Ng6 24. Qd1 Qg5 25. Qf3 Re4 (25... Nh4 $11 26. Qg3 Qxg3 27. hxg3 Nf5) 26. g3 (26. Qh3 $1 $14) 26... Rae8 (26... Nh4 $11 27. Qd1 Nf5) 27. Qg2 (27. b4 $14) 27... Qh5 {[%emt 0:02:30][%cal Og6h4] White must now prevent ...Nh4!} (27... Qf5 $5 28. h3 R4e6 $17) 28. Nf4 $2 {[%emt 0:00:21] [#]} (28. h3 $11 {and White stays safe.}) 28... Nxf4 $19 29. gxf4 (29. exf4 Rxd4 30. Rfe1) 29... R8e6 {[%emt 0:00:02] Weighted Error Value: White=0.74/Black=0.16 (very precise) .  Loses game:     	White=1     	---        Mistake:       	White=3     	Black=2      Inaccurate:     	White=2     	Black=3      OK:         	White=2     	Black=3      Best:        	---       	Black=1} 0-1

[Event "45th FIDE Womens Olympiad 2024"]
[Site "Budapest"]
[Date "2024.09.12"]
[Round "2.23"]
[White "Gaponenko, Inna"]
[Black "Baginskaite, Kamile"]
[Result "1-0"]
[ECO "B90"]
[WhiteElo "2324"]
[BlackElo "2103"]
[Annotator "TA"]
[PlyCount "63"]
[EventDate "2024.09.05"]
[EventType "team-tourn"]
[EventCountry "HUN"]
[SourceTitle "playchess.com"]
[Source "ChessBase"]
[SourceQuality "1"]
[WhiteTeam "Ukraine"]
[BlackTeam "Lithuania"]
[WhiteTeamCountry "UKR"]
[BlackTeamCountry "LTU"]
[TimeControl "40/5400+30:1800+30"]

1. e4 c5 2. Nf3 d6 3. d4 cxd4 4. Nxd4 Nf6 5. Nc3 a6 6. Be3 e5 7. Nb3 Be6 8. Qd2 Nbd7 9. O-O-O Be7 10. f4 b5 11. h3 {[%emt 0:28:50] The position is equal.} h5 (11... O-O $15) 12. Be2 h4 13. Rhe1 Rc8 14. Kb1 Qc7 15. Nd5 Nxd5 16. exd5 Bf5 17. Bd3 Bxd3 18. Qxd3 O-O 19. Bd2 Bf6 20. Re4 exf4 21. Ba5 Qa7 {[%emt 0:02:31] And now ...Ne5 would win.} 22. Rxf4 Rfe8 23. Be1 ({White should play} 23. Nd4 $11) 23... Ne5 24. Qf1 Ng6 ({Better is} 24... Qc7 $17 25. Bc3 Bg5) 25. Rxf6 $11 gxf6 26. Nd4 Rc4 {[%emt 0:00:48] Dodges a3} ({Don't play} 26... Qc5 27. Bc3 b4 (27... Qxd5 28. Nf5 $11) 28. Qxf6 Qxd5 (28... bxc3 $2 29. Nf5 $18) 29. Bxb4 $11) (26... Re4 $17 27. Bc3 Rxc3 28. bxc3 Qc5 29. Qxf6 Qxc3 (29... Qxd5 30. Rf1 $16)) 27. Bc3 {[%emt 0:01:23][%cal Od4c6] [#]} Rxc3 $1 28. bxc3 Qe7 (28... Qc5 $11 {remains equal.}) 29. Nf5 $16 {[%emt 0:00:46] White is more active.} Qe5 30. Qf3 Rc8 31. Rd3 ({White should try} 31. Rd4 $1 $14 Kf8 32. Kb2 (32. Nxh4 $2 {too greedy.} Nxh4 33. Qf2 Nxg2 $19)) 31... Qf4 $2 {[%emt 0:00:42][%mdl 8192] [#]} (31... Qe1+ $11 32. Rd1 Qe5 (32... Qxc3 33. Qxc3 Rxc3 34. Nxd6 $16)) 32. Qxf4 {[%emt 0:00:12] Weighted Error Value: White=0.21 (precise) /Black=0.26 (precise) .  Loses game:     	---       	Black=1      Mistake:       	White=2     	Black=4      Inaccurate:     	White=5     	Black=2      OK:         	White=5     	Black=8      Best:        	White=2     	---} 1-0

[Event "45th FIDE Womens Olympiad 2024"]
[Site "Budapest"]
[Date "2024.09.12"]
[Round "2.23"]
[White "Yeshey lhaden"]
[Black "Chen, I-Chen"]
[Result "0-1"]
[ECO "D00"]
[WhiteElo "1514"]
[BlackElo "1771"]
[Annotator "NA"]
[PlyCount "86"]
[EventDate "2024.09.05"]
[EventType "team-tourn"]
[EventCountry "HUN"]
[SourceTitle "playchess.com"]
[Source "ChessBase"]
[SourceQuality "1"]
[WhiteTeam "Bhutan"]
[BlackTeam "Chinese Taipei"]
[WhiteTeamCountry "BTN"]
[BlackTeamCountry "TPE"]
[TimeControl "40/5400+30:1800+30"]

1. d4 Nf6 2. Bf4 e6 3. e3 d5 4. a3 c5 5. Bb5+ Nc6 6. Nf3 Qb6 7. Nc3 a6 8. Bxc6+ bxc6 9. Na4 Qa5+ 10. c3 c4 11. b4 Qd8 12. Ne5 Bd7 13. O-O a5 14. Qc2 Be7 15. Rfb1 O-O 16. Nc5 Qc8 17. a4 h6 18. bxa5 Bxc5 19. dxc5 Rxa5 20. Rb6 Ne4 21. Rab1 Ra8 22. Qb2 Nxc5 23. Qa3 Nb3 24. Qe7 Qd8 25. Qxd7 Qxb6 26. Nxc6 Ra6 27. Ne7+ Kh8 28. Be5 Qd8 29. Ng6+ Kg8 30. Ne7+ Kh7 31. Qb7 Qa8 32. Qc7 Ra7 33. Qd6 Rd8 34. Qa3 Rxa4 35. Qb2 Ra2 36. g3 Rxb2 37. Rxb2 Qa1+ 38. Kg2 Qxb2 39. h4 Nd2 40. Kh3 Qb1 41. Kg4 Qe4+ 42. Bf4 Qf3+ 43. Kh3 h5 0-1

[Event "45th FIDE Womens Olympiad 2024"]
[Site "Budapest"]
[Date "2024.09.12"]
[Round "2.24"]
[White "Simkunaite, Gabija"]
[Black "Doluhanova, Evgeniya"]
[Result "1/2-1/2"]
[ECO "C47"]
[WhiteElo "2005"]
[BlackElo "2304"]
[Annotator "ChessBase"]
[PlyCount "82"]
[EventDate "2024.09.05"]
[EventType "team-tourn"]
[EventCountry "HUN"]
[SourceTitle "playchess.com"]
[Source "ChessBase"]
[SourceQuality "1"]
[WhiteTeam "Lithuania"]
[BlackTeam "Ukraine"]
[WhiteTeamCountry "LTU"]
[BlackTeamCountry "UKR"]
[TimeControl "40/5400+30:1800+30"]

1. e4 e5 2. Nf3 Nc6 3. Nc3 Nf6 4. d4 exd4 5. Nxd4 Bb4 6. Nxc6 bxc6 7. Bd3 d5 8. exd5 O-O 9. O-O cxd5 10. h3 c6 11. Qf3 Nd7 12. Qf5 g6 13. Qf4 Qe7 14. Qg3 Nc5 15. Bg5 f6 16. Bh6 Rd8 17. a3 Nxd3 18. axb4 Nxb2 19. Rfe1 Qf7 20. Ne2 Nc4 21. Nd4 Bd7 22. Re2 Re8 23. Rxe8+ Qxe8 24. Qc7 a6 25. c3 Ne5 26. Bf4 Nf7 27. Bd2 Qd8 28. Qg3 a5 29. bxa5 Rxa5 30. Rb1 Ra8 31. Bf4 Qe8 32. Nf3 Bf5 33. Re1 Qd7 34. Nd4 c5 35. Nxf5 Qxf5 36. Qe3 Rc8 37. g4 Qd7 38. Rd1 g5 39. Bg3 f5 40. gxf5 Qxf5 41. Kh2 Kg7 1/2-1/2

[Event "45th FIDE Womens Olympiad 2024"]
[Site "Budapest"]
[Date "2024.09.12"]
[Round "2.25"]
[White "Ryjanova, Julia"]
[Black "Mammadzada, Gunay"]
[Result "0-1"]
[ECO "D23"]
[WhiteElo "2255"]
[BlackElo "2433"]
[Annotator "RC"]
[PlyCount "170"]
[EventDate "2024.09.05"]
[EventType "team-tourn"]
[EventCountry "HUN"]
[SourceTitle "playchess.com"]
[Source "ChessBase"]
[SourceQuality "1"]
[WhiteTeam "Australia"]
[BlackTeam "Azerbaijan"]
[WhiteTeamCountry "AUS"]
[BlackTeamCountry "AZE"]
[TimeControl "40/5400+30:1800+30"]

1. d4 d5 2. c4 c6 3. Nf3 Nf6 4. Qc2 dxc4 5. Qxc4 Bf5 6. g3 e6 7. Bg2 Be7 8. Nc3 O-O 9. O-O Nbd7 10. Re1 Ne4 11. Qb3 Nb6 12. a4 a5 13. Nh4 Bxh4 14. Nxe4 Be7 15. e3 Bb4 16. Rd1 Bg4 17. f3 Bh5 18. Bd2 Nd5 19. Nf2 Qe7 20. Bxb4 Nxb4 21. Nd3 Nd5 22. Re1 Ra6 23. Qc2 Rb6 24. Qd2 Nb4 25. Ne5 Rd8 26. Nc4 Ra6 27. Qc3 f6 28. Nd2 c5 29. dxc5 Rd3 30. Qc1 Rc6 31. Ne4 f5 32. Nc3 Qxc5 33. h3 Rc8 34. g4 Be8 35. Bf1 Bc6 36. Nb5 Qe5 37. Nd4 Qg3+ 38. Bg2 Rd8 39. Rf1 Qe5 40. gxf5 exf5 41. f4 Qxe3+ 42. Qxe3 Rxe3 43. Nxc6 Nxc6 44. Rfd1 Nd4 45. Kf1 b6 46. Rac1 Re6 47. Rc7 Red6 48. Re1 R8d7 49. Re7 Rxc7 50. Rxc7 Ne6 51. Rc4 Kf7 52. Ke2 Nd4+ 53. Ke3 Nb3 54. Rc6 Rxc6 55. Bxc6 Ke6 56. Be8 Ke7 57. Bb5 Nc5 58. Kd4 Kd6 59. Be8 Ne6+ 60. Ke3 Ke7 61. Bb5 g5 62. fxg5 Nxg5 63. h4 Ne6 64. Kf2 Kf6 65. Ke3 Ke5 66. Bd3 h6 67. Kf3 Nf4 68. Bb1 Ne6 69. Ke3 Nd4 70. Bd3 f4+ 71. Kf2 Nf5 72. h5 Ng3 73. Bg6 Kf6 74. Kf3 Kg5 75. Be8 Nxh5 76. Bd7 Nf6 77. Bc8 h5 78. Be6 Ng4 79. Bc8 Ne5+ 80. Kg2 Nc4 81. b3 Nd2 82. Be6 f3+ 83. Kg3 h4+ 84. Kf2 Kf4 85. Bd5 h3 0-1

[Event "45th FIDE Womens Olympiad 2024"]
[Site "Budapest"]
[Date "2024.09.12"]
[Round "2.26"]
[White "Beydullayeva, Govhar"]
[Black "Zhang, Jilin"]
[Result "1/2-1/2"]
[ECO "D27"]
[WhiteElo "2395"]
[BlackElo "2155"]
[Annotator "TA"]
[PlyCount "109"]
[EventDate "2024.09.05"]
[EventType "team-tourn"]
[EventCountry "HUN"]
[SourceTitle "playchess.com"]
[Source "ChessBase"]
[SourceQuality "1"]
[WhiteTeam "Azerbaijan"]
[BlackTeam "Australia"]
[WhiteTeamCountry "AZE"]
[BlackTeamCountry "AUS"]
[TimeControl "40/5400+30:1800+30"]

1. d4 d5 2. c4 dxc4 3. Nf3 Nf6 4. e3 e6 5. Bxc4 c5 6. O-O a6 7. Re1 Nbd7 (7... cxd4 $11 {was preferrable.} 8. exd4 b5) 8. e4 $14 b5 9. Bd3 {[%emt 0:04:51] White is slightly better.} (9. Bd5 $5 Nxd5 (9... exd5 $2 {is the wrong capture.} 10. exd5+ Be7 11. d6 $18) 10. exd5 $14) 9... Bb7 10. d5 ({White should play} 10. a4 $11) 10... e5 $2 {[%emt 0:07:27] [#]} (10... c4 $15 {keeps the upper hand.} 11. Bc2 Bc5) 11. b3 $1 $16 Qc7 12. Nbd2 Rb8 13. a4 Bc8 14. Qe2 Qb6 15. Nb1 Bd6 16. axb5 axb5 17. Nc3 b4 18. Nb5 O-O 19. Qa2 {[%emt 0:04:23] Wards off Ba6} Ne8 20. Nxd6 (20. Qa5 $18) 20... Nxd6 21. Qa5 (21. Qc2 $16) 21... Qxa5 $1 $14 22. Rxa5 Bb7 23. Bb2 {[%emt 0:06:20] White is more active.} f6 24. Nd2 Ra8 25. Rea1 Rxa5 26. Rxa5 Ra8 27. Rxa8+ Bxa8 28. h4 Kf7 29. g3 Ke7 30. f4 Bb7 31. Kf2 Nf7 (31... g6 $11) 32. Nc4 exf4 33. gxf4 Ba6 34. Ke3 Bxc4 35. Bxc4 {[%emt 0:03:40][%mdl 4096] Endgame. KBB-KNN} Kd6 (35... g6 $14) 36. Bf1 $16 Nb6 37. Kd3 Nh6 (37... Ke7 $16 38. Bc1 Nh8) 38. Bh3 $18 {[%emt 0:00:53] Strongly threatening Be6.} Nf7 39. Be6 Nd8 40. Bg8 h6 (40... Ke7 $142 41. Bxh7 Nf7) 41. e5+ Ke7 42. d6+ Kd7 43. Bh7 ({But not} 43. exf6 gxf6 44. Bxf6 Nc6 $18) 43... fxe5 44. fxe5 g5 45. Bf5+ Kc6 46. Be4+ Kd7 47. h5 Ke6 {[%emt 0:02:07] [#]} 48. Bh7 $1 g4 49. Ke4 g3 50. Bf5+ Kf7 {[%emt 0:00:05] White must now prevent ...g2.} 51. Kf3 Ne6 52. Bg6+ Kg7 53. Bf5 Kf7 54. Bg6+ Kg7 $1 55. Bf5 $2 {[%emt 0:00:12] Weighted Error Value: White=0.56/Black=0.31.  Missed win:     	White=1     	---        Mistake:       	White=3     	Black=6      Inaccurate:     	White=3     	Black=2      OK:         	White=16    	Black=15     Best:        	White=2     	Black=1      Strong:       	White=2     	Black=2} ({Better is} 55. Kxg3 $18 c4 56. Kg4) 1/2-1/2

[Event "45th FIDE Womens Olympiad 2024"]
[Site "Budapest"]
[Date "2024.09.12"]
[Round "2.26"]
[White "Lazzarini, Giulia"]
[Black "Leung, Hoi Ting"]
[Result "0-1"]
[ECO "C02"]
[WhiteElo "1520"]
[BlackElo "1619"]
[Annotator "NA"]
[PlyCount "48"]
[EventDate "2024.09.05"]
[EventType "team-tourn"]
[EventCountry "HUN"]
[SourceTitle "playchess.com"]
[Source "ChessBase"]
[SourceQuality "1"]
[WhiteTeam "San Marino"]
[BlackTeam "Hong Kong, China"]
[WhiteTeamCountry "SMR"]
[BlackTeamCountry "HKG"]
[TimeControl "40/5400+30:1800+30"]

1. e4 e6 2. d4 d5 3. e5 c5 4. Nf3 Nc6 5. Be2 cxd4 6. O-O Qb6 7. Nbd2 Nge7 8. Nb3 Ng6 9. Nbxd4 Ncxe5 10. b3 Bd6 11. Bb2 O-O 12. Re1 Bd7 13. a4 a6 14. a5 Qc7 15. c3 Rac8 16. b4 Nxf3+ 17. Nxf3 Ne5 18. Rc1 Nxf3+ 19. Bxf3 Bxh2+ 20. Kh1 Bf4 21. Rc2 Ba4 22. g3 Bxc2 23. Qxc2 Be5 24. Bd1 Bxc3 0-1

[Event "45th FIDE Womens Olympiad 2024"]
[Site "Budapest"]
[Date "2024.09.12"]
[Round "2.27"]
[White "Nguyen, Thu Giang"]
[Black "Balajayeva, Khanim"]
[Result "0-1"]
[ECO "C47"]
[WhiteElo "2068"]
[BlackElo "2384"]
[Annotator "TA"]
[PlyCount "128"]
[EventDate "2024.09.05"]
[EventType "team-tourn"]
[EventCountry "HUN"]
[SourceTitle "playchess.com"]
[Source "ChessBase"]
[SourceQuality "1"]
[WhiteTeam "Australia"]
[BlackTeam "Azerbaijan"]
[WhiteTeamCountry "AUS"]
[BlackTeamCountry "AZE"]
[TimeControl "40/5400+30:1800+30"]

1. e4 e5 2. Nf3 Nc6 3. Nc3 Nf6 4. d4 exd4 5. Nxd4 Bb4 6. Nxc6 bxc6 7. Bd3 d5 8. exd5 O-O 9. O-O cxd5 10. h3 c6 11. Qf3 Bd6 12. Re1 {[%emt 0:02:18] The position is equal.} Rb8 13. b3 Be6 14. Bf4 Bxf4 15. Qxf4 c5 16. Rad1 Qa5 17. Re3 Rb4 18. Qe5 Nd7 19. Qh5 {[%emt 0:03:50][%csl Gd3][%cal Rh5h7] [#]} Nf6 20. Qe5 Nd7 21. Qh5 g6 22. Qh6 Qd8 23. Rg3 Qf6 24. Ne2 Rh4 25. Qe3 Qe5 (25... d4 $11 26. Qc1 Re8) 26. Qxe5 Nxe5 27. f4 Nxd3 28. Rdxd3 Rh5 29. Rge3 d4 30. g4 {[%emt 0:01:15] [#] aiming for Rxe6.} Rd5 31. Rg3 Bc8 32. Nc3 Rd6 33. Ne4 Rc6 34. Nf2 Re8 {[%emt 0:00:26] Threatens to win with ...Rce6.} 35. Rd2 $1 Re1+ 36. Kh2 $1 Rce6 {[%emt 0:00:19] ...R1e2 would now be deadly.} 37. Nd3 $1 Ra1 38. Rg1 (38. Nxc5 $11 Rc6 39. Nd3) 38... Rxa2 $17 {[%emt 0:00:33] Black is more active. White is now going downhill.} 39. Nxc5 (39. Rgg2 $15) 39... Rc6 $36 {[%emt 0:00:02][%mdl 2048] Black is on the roll.} 40. Ne4 (40. b4 $17) 40... Rcxc2 $19 ({But not} 40... Raxc2 41. Rgg2 Rxd2 42. Rxd2 $17) 41. Rxc2 Rxc2+ {[%emt 0:00:03][%mdl 4096] Endgame. KRB-KRN} 42. Kg3 Bb7 43. Nd6 Bc6 44. Ra1 (44. b4 $142) 44... Rc3+ 45. Kf2 Rxb3 46. Rxa7 (46. f5 $142) 46... Rf3+ ({Weaker is} 46... Rxh3 47. Ke2 $17) 47. Ke2 Rxf4 48. Rc7 Bg2 49. g5 (49. Rc8+ $142 Kg7 50. g5) 49... Bxh3 50. Kd3 Kf8 51. Ra7 Be6 52. Rc7 Rg4 53. Rc5 Ke7 54. Nb5 Bf5+ 55. Kd2 d3 56. Rc7+ Ke6 57. Rc6+ Kd5 58. Rf6 Rg2+ 59. Ke3 Re2+ 60. Kf3 Re7 {[%emt 0:01:51] And now ...Kc5 would win.} 61. Nc3+ Kd4 62. Nd1 Re1 63. Nf2 Be6 {[%emt 0:00:54] ( -> ...Bd5+)} 64. Rf4+ Ke5 $4 {[%emt 0:00:43][%mdl 40960] Weighted Error Value: White=0.25 (precise) /Black=0.08 (flawless) .  Mistake:       	White=6     	Black=1      Inaccurate:     	White=5     	Black=3      OK:         	White=10    	Black=20     Best:        	White=3     	Black=5      Strong:       	White=2     	---       . Sensor Board Error (Ke4/e5)?} (64... Kc3 $19 65. Nxd3 Kxd3) 0-1

[Event "45th FIDE Womens Olympiad 2024"]
[Site "Budapest"]
[Date "2024.09.12"]
[Round "2.28"]
[White "Mammadova, Gulnar"]
[Black "Shen, Zhiyuan"]
[Result "1/2-1/2"]
[ECO "B31"]
[WhiteElo "2336"]
[BlackElo "1969"]
[Annotator "TA"]
[PlyCount "90"]
[EventDate "2024.09.05"]
[EventType "team-tourn"]
[EventCountry "HUN"]
[SourceTitle "playchess.com"]
[Source "ChessBase"]
[SourceQuality "1"]
[WhiteTeam "Azerbaijan"]
[BlackTeam "Australia"]
[WhiteTeamCountry "AZE"]
[BlackTeamCountry "AUS"]
[TimeControl "40/5400+30:1800+30"]

1. e4 c5 2. Nf3 Nc6 3. Bb5 g6 4. O-O Bg7 5. d3 d6 6. Bxc6+ bxc6 {[%emt 0:00:05] [#]} 7. e5 $1 Bg4 8. exd6 exd6 9. Nbd2 {[%emt 0:01:11] The position is equal.} Ne7 10. h3 Bxf3 11. Nxf3 O-O 12. c3 Nd5 13. Bd2 Rb8 14. Qc2 Qd7 15. Rfe1 Rfe8 16. Rxe8+ Rxe8 17. Re1 Rxe1+ 18. Nxe1 Qe6 19. Kf1 {[%emt 0:02:52] Against Qe2+} Nb6 20. c4 d5 21. Be3 dxc4 22. Bxc5 Qd5 23. Bxb6 cxd3 24. Qxd3 Qxd3+ 25. Nxd3 axb6 $11 {[%emt 0:00:03][%mdl 4096] Endgame. KB-KN} 26. Nb4 Bxb2 27. Nxc6 Kf8 28. Ke2 Ke8 29. Kd3 Kd7 30. Na7 Ba3 31. Kc4 Bc5 32. f3 Kd6 33. a4 h5 34. Kb5 f6 35. Nc8+ Kc7 36. Na7 Kd6 37. Ka6 Kc7 38. Kb5 {[%emt 0:00:14] Threatens to win with a5.} Kd6 39. Kc4 Bf2 40. Nc8+ Kd7 41. Na7 Kd6 42. Nb5+ Ke5 {[%emt 0:00:00] Strongly threatening ...Kf4.} 43. Kd3 $1 Kf4 {[%emt 0:00:00] [#] ...Kg3 is the strong threat.} 44. Ke2 $1 Bc5 45. Nc3 Bd4 {[%emt 0:00:00] An uneventful encounter.   Weighted Error Value: White=0.02 (flawless) /Black=0.01 (flawless) .  OK:         	White=15    	Black=19     Best:        	White=1     	Black=4      Strong:       	White=2     	---} ({Wrong is} 45... Kg3 $2 46. Ne4+ Kxg2 47. Nxc5 $18) 1/2-1/2